Map: Ever Dream LE

Players

Reynor

  • Race: Zerg Zerg
  • Spawn Location: 7:00

Trap - Winner!

  • Race: Protoss Protoss
  • Spawn Location: 1:00

Event: DreamHack SC2 Masters 2020 Summer Season Finals

VOD

Have the link to the VOD?

Description

Time

  • Played on: July 19, 2020, 10:03 a.m.
  • Length: 7:57

All games in this series

Show
View Real Time Build Order
Export as new Build Order

Reynor Zerg 

Build Orders: Hatch First 

Get SALT Encoding   

  12  0:01  Drone  
  13  0:12  Overlord  
  13  0:16  Drone  
  14  0:31  Drone  
  15  0:43  Hatchery  
  15  0:48  Drone  
  15  0:51  Drone  
  15  0:55  Drone  
  17  1:00  Drone  
  18  1:08  Extractor  
  17  1:15  Spawning Pool  
  17  1:18  Drone  
  17  1:21  Drone  
  18  1:31  Drone  
  19  1:42  Drone  
  20  1:52  Drone  
  21  1:57  Overlord  
  21  2:02  Queen x2  
  21  2:03  Zergling x2  
  21  2:06  Zergling x2  
  27  2:14  Drone  
  28  2:17  Drone  
  29  2:24  Drone  
  30  2:32  Drone  
  30  2:34  Hatchery  
  30  2:37  Drone  
  30  2:41  Metabolic Boost  
  31  2:44  Overlord  
  31  2:48  Drone  
  32  2:52  Overlord  
  32  3:03  Drone x2, Queen  
  36  3:10  Drone x3  
  39  3:14  Drone x2  
  41  3:22  Drone x2  
  43  3:31  Overlord  
  43  3:32  Drone  
  44  3:45  Queen  
  44  3:47  Drone x2  
  44  3:48  Queen  
  48  3:49  Zergling x6  
  48  3:50  Zergling x2  
  48  3:54  Drone  
  55  3:57  Drone  
  55  3:58  Drone  
  57  4:04  Overlord, Spine Crawler  
  56  4:11  Spore Crawler  
  56  4:12  Drone x3  
  57  4:23  Drone x5  
  62  4:24  Zergling x6  
  62  4:25  Spore Crawler  
  62  4:31  Roach Warren  
  61  4:32  Zergling x6  
  61  4:34  Overlord  
  61  4:36  Zergling x2  
  65  4:40  Zergling x2  
  65  4:42  Spore Crawler  
  65  4:46  Zergling x2  
  65  4:48  Overlord  
  66  4:54  Zergling x2  
  66  4:56  Zergling x2  
  66  4:57  Zergling x2  
  66  4:58  Zergling x6  
  66  4:59  Overlord  
  72  5:02  Zergling x4  
  72  5:04  Overlord  
  74  5:10  Roach  
  74  5:11  Roach x3  
  74  5:12  Overlord  
  81  5:20  Roach  
  81  5:21  Roach  
  80  5:22  Roach  
  80  5:23  Queen  
  80  5:24  Roach  
  80  5:26  Roach x2, Zergling x2  
  76  5:32  Roach  
  76  5:34  Roach, Zergling x2  
  71  5:45  Roach, Zergling x2  
  71  5:46  Roach  
  73  5:54  Drone x2  
  69  5:57  Drone  
  67  6:04  Drone x2  
  67  6:08  Drone  
  70  6:15  Drone x2  
  70  6:19  Roach, Queen  
  76  6:29  Zergling x2  
  76  6:30  Zergling x4  
  76  6:34  Zergling x2  
  76  6:37  Drone  
  76  6:39  Drone  
  79  6:41  Drone x2  
  79  6:44  Extractor  
  78  6:48  Drone  
  78  6:49  Drone x2  
  81  6:56  Zergling x2  
  81  6:58  Queen  
  81  7:00  Roach x2  
  88  7:07  Roach  
  87  7:11  Roach, Zergling x2  
  87  7:13  Zergling x4  
  87  7:18  Zergling x8  
  85  7:25  Roach, Zergling x2  
  85  7:29  Zergling x8  
  88  7:33  Zergling x4  
Show
View Real Time Build Order
Export as new Build Order

Trap Protoss - Winner!

Build Orders: 1 Gate Expand, Mass Adepts 

Get SALT Encoding   

  12  0:01  Probe  
  13  0:13  Probe, Pylon  
  14  0:22  Probe  
  15  0:31  Probe  
  16  0:40  Gateway  
  16  0:43  Probe  
  16  0:48  Assimilator  
  17  0:56  Probe  
  18  1:08  Probe  
  19  1:20  Probe  
  19  1:25  Nexus  
  20  1:34  Cybernetics Core  
  20  1:38  Probe  
  21  1:44  Assimilator  
  21  1:50  Probe  
  21  1:53  Pylon  
  22  2:01  Stalker, Probe  
  23  2:09  Probe  
  23  2:12  Warp Gate  
  26  2:17  Probe  
  27  2:25  Twilight Council  
  27  2:29  Probe  
  28  2:35  Adept  
  28  2:36  Probe  
  29  2:41  Probe  
  31  2:44  Probe  
  32  2:53  Probe  
  32  2:54  Probe  
  32  2:55  Robotics Facility  
  34  3:04  Resonating Glaives  
  34  3:05  Gateway  
  34  3:09  Probe x2  
  36  3:22  Probe x2  
  36  3:25  Adept  
  40  3:31  Warp Prism  
  40  3:34  Gateway x2  
  40  3:43  Probe  
  40  3:44  Probe  
  44  3:49  Pylon  
  44  4:00  Gateway  
  44  4:02  Gateway  
  44  4:08  Adept x2  
  48  4:14  Probe x2  
  48  4:15  Pylon  
  50  4:17  Pylon  
  50  4:29  Adept  
  50  4:31  Adept x2  
  50  4:34  Pylon  
  50  4:38  Adept  
  56  4:54  Adept  
  56  4:55  Adept x3  
  56  4:58  Adept x2, Pylon  
  68  5:07  Pylon  
  66  5:23  Adept x6  
  70  5:48  Adept x6  
  80  5:53  Immortal  
  76  6:00  Probe x2  
  80  6:09  Adept x4  
  86  6:12  Assimilator  
  84  6:21  Immortal  
  84  6:25  Assimilator  
  86  6:49  Pylon  
  86  6:52  Pylon  
  86  6:53  Adept x3  
  86  6:54  Adept x2  
  94  7:02  Pylon  
  94  7:07  Immortal  
  88  7:17  Adept x6  
  86  7:38  Adept x6  
Tags
 
Add a new tag
Caveats
  • Supply blocks, unpowered buildings, or Contaminate may cause inaccurate times.
  • Supply counts are checked every 10 seconds.